 Dungeon Crawl Stone Soup version 0.21-a0-49-g7bf2ba4 (webtiles) character file.

58 FrankyJ the Gusty (level 4, -3/24 HPs)
             Began as a Tengu Air Elementalist on June 8, 2017.
             Slain by Crazy Yiuf
             ... wielding a +4 quarterstaff of chaos
              (12 damage)
             ... on level 2 of the Dungeon on June 9, 2017.
             The game lasted 00:07:07 (2628 turns).

FrankyJ the Gusty (Tengu Air Elementalist)          Turns: 2628, Time: 00:07:07

Health: -3/24      AC:  2    Str:  8    XL:     4   Next: 2%
Magic:  3/9        EV: 12    Int: 17    God:
Gold:   74         SH:  0    Dex: 14    Spells: 2/9 levels left

rFire    . . .     SeeInvis .   f - +0 dagger
rCold    . . .     Gourm    +   (no shield)
rNeg     . . .     Faith    .   a - +0 robe
rPois    .         Spirit   .   (helmet restricted)
rElec    .         Reflect  .   (no cloak)
rCorr    .         Harm     .   (no gloves)
MR       .....                  (boots unavailable)
Stlth    ++........             h - amulet of the gourmand
Regen    0.1/turn               (no ring)
MPRegen  0.2/turn               (no ring)

@: lethally poisoned (-3 -> -12), sluggish, very slow
A: beak, talons 3
a: no special abilities


You were on level 2 of the Dungeon.
You were completely stuffed.

You visited 1 branch of the dungeon, and saw 2 of its levels.

You collected 74 gold pieces.

Inventory:

Hand Weapons
 f - a +0 dagger (weapon)
Armour
 a - a +0 robe (worn)
Jewellery
 h - an amulet of the gourmand (around neck)
Scrolls
 g - a scroll of remove curse {unknown}
 i - a scroll of teleportation {unknown}
 j - a scroll of enchant weapon {unknown}
Potions
 e - a potion of invisibility
 k - a potion of haste {unknown}
 l - 3 potions of mutation
 n - a potion of berserk rage {unknown}
 q - 2 potions of degeneration {unknown}
Books
 b - a book of Air

   Spells                             Type                      Level
   a - Shock                          Conjuration/Air              1
   b - Swiftness                      Charms/Air                   2
   c - Static Discharge               Conjuration/Air              3
   d - Airstrike                      Air                          4
   e - Lightning Bolt                 Conjuration/Air              5
Comestibles
 c - a royal jelly
 m - 5 chunks of flesh
 o - a fruit
 p - a meat ration


   Skills:
 - Level 2.1 Dodging
 - Level 2.0 Stealth
 + Level 3.1 Spellcasting
 + Level 3.3 Conjurations
 - Level 4.0 Air Magic


You had 2 spell levels left.
You knew the following spells:

 Your Spells              Type           Power        Failure   Level  Hunger
a - Shock                 Conj/Air       ###.         3%          1    None
b - Swiftness             Chrm/Air       #.......     12%         2    ##.....
c - Airstrike             Air            ###.......   32%         4    ####...


Dungeon Overview and Level Annotations

Branches:
Dungeon (2/15)

Altars:

Annotations:
D:2 Crazy Yiuf


Innate Abilities, Weirdness & Mutations

You have a beak for a mouth.
You have claws for feet.


Message History

Casting: Shock
Confirm with . or Enter, or press ? or * to list all spells.
Aiming: Shock
Press: ? - help, Shift-Dir - straight line, f/p - Crazy Yiuf
Aim: Crazy Yiuf, wielding a quarterstaff of chaos and wearing a cloak (heavily wounded)
The zap hits Crazy Yiuf.
Crazy Yiuf is severely wounded.
Crazy Yiuf hits you with a quarterstaff of chaos!
You suddenly lose the ability to move!
Crazy Yiuf drinks a potion.
Crazy Yiuf is healed!
Crazy Yiuf hits you with a quarterstaff of chaos!
You can move again.
As you read the scroll labeled IMINKUCYSYD, it crumbles to dust.
It is a scroll of identify.
l - 3 potions of mutation Crazy Yiuf hits you but does no damage.
You are lethally poisoned!
Crazy Yiuf hits you with a quarterstaff of chaos!
Ouch! That really hurt!
You die...

#.# ##.#.#######..#
.#####.#####..## #..#
#..............# #..#
#######.#......#
#####..## #...###.##
#.......# ##..###.##
#.......#
#..##...####.......####
#......g................
#.###..@.###.......#####
#.# ##.....#......## #.#
#.....#..g.<.# #.#
#............##♣♣♣♣ #.#
#.....#####.#....♣. #.#
#.....#####.......♣ #.#
##.......>........♣♣
#.###....########....♣♣
#......#S###### ####♣♣


You could see Crazy Yiuf.

Vanquished Creatures
  An adder (D:2)
  An ooze (D:1)
  2 worms (D:2)
  3 dart slugs (D:1)
  2 giant cockroaches (D:2)
  3 goblins (D:2)
  7 hobgoblins
  2 kobolds
  3 ball pythons
  A bat (D:1)
  4 frilled lizards
  5 rats
34 creatures vanquished.

Notes
Turn   | Place    | Note
-------+----------+-------------------------------------------
     0 | D:1      | FrankyJ the Tengu Air Elementalist began the quest for the Orb.
     0 | D:1      | Reached XP level 1. HP: 10/10 MP: 4/4
   400 | D:1      | Reached XP level 2. HP: 6/15 MP: 0/6
   678 | D:1      | Learned a level 2 spell: Swiftness
  1540 | D:1      | Reached XP level 3. HP: 19/19 MP: 4/8
  2082 | D:2      | Upgraded the game from 0.21-a0-47-g7c8f537 to 0.21-a0-49-g7bf2ba4
  2508 | D:2      | Reached XP level 4. HP: 24/24 MP: 5/9
  2519 | D:2      | Learned a level 4 spell: Airstrike
  2592 | D:2      | Found a runed door.
  2596 | D:2      | Noticed Crazy Yiuf
  2624 | D:2      | Paralysed by Crazy Yiuf for 3 turns
  2628 | D:2      | Slain by Crazy Yiuf

Vault maps used:
D:1:      lightli_arrival_noodles, minmay_misc_feat_tiny
D:2:      minmay_strange_pillars, uniq_crazy_yiuf_cottage

Skill      XL: |  1  2  3 |
---------------+----------+-----
Conjurations   | 2 3 |  3.3
Spellcasting   | 3 |  3.1
Dodging        | |  2.1
Stealth        | |  2.0
Air Magic      | |  4.0

Action                   |  1- 3 |  4- 6 || total
-------------------------+-------+-------++-------
Melee: Unarmed           |     8 |       ||     8
       Peck              |     9 |       ||     9
       Kick              |    11 |       ||    11
       Dagger            |    33 |       ||    33
 Cast: Shock             |    56 |    10 ||    66
       Swiftness         |     1 |     1 ||     2
  Use: Potion            |     1 |       ||     1
       Scroll            |       |     1 ||     1
  Eat: Bread ration      |     1 |       ||     1
       Chunk             |     9 |     1 ||    10
Armor: Robe              |     6 |     1 ||     7
Dodge: Dodged            |    23 |       ||    23
